 Dungeon Crawl Stone Soup version 0.31-a0-339-gda1cbd555d (webtiles) character file.

Game seed: 6994079980297318975

56 bmack86 the Cudgeller (level 4, 0/60 HPs)
             Began as a Meteoran Berserker on July 20, 2023.
             Was a Follower of Trog.
             Succumbed to an adder's poison
             ... on level 3 of the Dungeon.
             The game lasted 00:04:11 (746 turns).

bmack86 the Cudgeller (Meteoran Berserker)           Turns: 746, Time: 00:04:12

Health: 0/60       AC: 22    Str: 20    XL:     4   Next: 37%
Magic:  5/5        EV:  2    Int:  9    God:    Trog [*.....]
Gold:   72         SH:  0    Dex: 13    Spells: 3/3 levels left

rFire   . . .        a - +0 mace
rCold   . . .        (no shield)
rNeg    . . .        b - melded +0 animal skin
rPois   +            (helmet currently unavailable)
rElec   .            (cloak currently unavailable)
rCorr   .            g - melded +1 pair of gloves
SInv    .            (boots currently unavailable)
Will    .....        (no amulet)
Stlth   +            (no ring)
HPRegen 0.30/turn    (no ring)
MPRegen 0.09/turn

%: no passive effects
@: lethally poisoned (0 -> -5), tree-form, glowing
A: stationary, stasis, torment immunity, boosted hp, sense surroundings 1,
otherworldly, glowing, explore regen
a: Renounce Religion, Berserk


You were on level 3 of the Dungeon.
You worshipped Trog.
Trog was aware of your devotion.
You were a tree.
You visited 1 branch of the dungeon, and saw 3 of its levels.

You collected 72 gold pieces.

Inventory:

Hand Weapons
 a - a +0 mace (weapon)
Armour
 b - a +0 animal skin (melded)
 g - a +1 pair of gloves (melded)
 h - a +0 ring mail
Scrolls
 d - a scroll of vulnerability
 e - a scroll of teleportation {unknown}
Potions
 c - a potion of lignification
 f - 2 potions of might {unknown}


   Skills:
 + Level 3.8 Fighting
 + Level 4.7 Maces & Flails
 + Level 3.2 Armour
 + Level 3.2 Dodging


You had 3 spell levels left.
You didn't know any spells.
Your spell library was empty.

Dungeon Overview and Level Annotations

Branches:
Dungeon (3/15) Zot: 1041

Altars:


Innate Abilities, Weirdness & Mutations

You are a tree.
Your roots penetrate the ground, keeping you stationary.
You cannot be teleported.
You are immune to unholy pain and torment.
Your maximum health is greatly increased.
Your equipment is partially melded.
You passively map a small area around you.
You are easily found by Zot.
You glow in the dark.
You regain HP and MP as you explore.


Message History

You hit the adder but do no damage.
The adder is moderately wounded.
You feel sick. The adder bites you but does no damage.
The adder closely misses you.
You hit the adder.
The adder is heavily wounded.
You feel sick. The adder bites you.
* * * LOW HITPOINT WARNING * * *
The adder bites you.
* * * LOW HITPOINT WARNING * * *
You are more poisoned.
The adder poisons you!
You barely miss the adder.
The adder is heavily wounded.
* * * LOW HITPOINT WARNING * * *
You feel sick. The adder bites you.
* * * LOW HITPOINT WARNING * * *
You are more poisoned.
The adder poisons you!
It was a potion of lignification.
You turn into a tree.
Your +1 pair of gloves melds into your body.
Your +0 animal skin melds into your body.
Your roots penetrate the ground.
* * * LOW HITPOINT WARNING * * *
You feel very sick. The adder bites you but does no damage.
You closely miss the adder.
The adder is heavily wounded.
* * * LOW HITPOINT WARNING * * *
You feel very sick.
The adder bites you but does no damage. x2
You barely miss the adder.
The adder is heavily wounded.
* * * LOW HITPOINT WARNING * * *
You feel very sick. The adder bites you but does no damage.
Unknown command.
You closely miss the adder.
The adder is heavily wounded.
You die...

, , * * ## * * ,
###. , , * , .#.***
, *** * ,..* ,#* ,,
, #. *.# * ########
#.###.##...
,#<.....#
#..♣Sg.....
#....#...###.#......
, * * #.##.#* #.#
#.... ,#.# ...* #.#
*#'# * *#.#
*#.#####.# , ,# * ,
#.# #.......# * **
#.# #####...#* , #.#
#.#.###### * , *
#.########.#.......


You could see an adder and a goblin.

Vanquished Creatures
  4 adders
  2 endoplasms
  2 giant cockroaches (D:2)
  A goblin (D:2)
  2 hobgoblins (D:1)
  4 kobolds
  A quokka (D:1)
  A ball python (D:3)
  2 bats (D:2)
  A frilled lizard (D:2)
  A rat (D:1)
21 creatures vanquished.

Notes
Turn   | Place    | Note
-------+----------+-------------------------------------------
     0 | D:1      | bmack86 the Meteoran Berserker began the quest for the Orb.
     0 | D:1      | Reached XP level 1. HP: 19/19 MP: 2/2
   106 | D:2      | Reached XP level 2. HP: 19/26 MP: 3/3
   248 | D:1      | Reached XP level 3. HP: 11/31 MP: 4/4
   597 | D:2      | Reached XP level 4. HP: 40/40 MP: 5/5
   744 | D:3      | HP: 3/60 [poisoned by an adder]
   745 | D:3      | HP: 1/60 [poisoned by an adder]
   746 | D:3      | Succumbed to an adder's poison

Illustrated notes

Levels and vault maps discovered:
D:1:      minmay_arrival_loop, layout_basic, nrook_uturn,
          dreamdust_princess_corridor
D:2:      layout_basic, pf_guarded_unrand_woodcutter
D:3:      layout_basic, makhleb_altar_promises_db, serial_shops, shop, shop,
          nicolae_shop_temple_entry_statues_fountains

Skill      XL: |  1  2  3 |
---------------+----------+-----
Armour         | 3 |  3.2
Dodging        | 3 |  3.2
Fighting       | |  3.8
Maces & Flails | |  4.7

Action                     |  1- 3 |  4- 6 || total
---------------------------+-------+-------++-------
  Melee: Mace              |    46 |    28 ||    74
    Use: Scroll            |     1 |       ||     1
         Potion            |       |     1 ||     1
 Armour: Animal skin       |    20 |    10 ||    30
         Skin              |       |     4 ||     4
  Dodge: Dodged            |    41 |    16 ||    57

Table legend: (Time is in decaauts)
 A = Elapsed time spent in this place.
 B = Non-inter-level travel time spent in this place.
 C = Inter-level travel time spent in this place.
 D = Time resting spent in this place.
 E = Time spent auto-exploring this place.
 F = Levels seen in this place.
 G = Mean time per level.
                   A        B        C        D        E       F      G
               +--------+--------+--------+--------+--------+-----+--------+
         Total |    758 |    758 |      0 |      0 |      0 |   3 |  252.7 |
       Dungeon |    758 |    758 |      0 |      0 |      0 |   3 |  252.7 |
               +--------+--------+--------+--------+--------+-----+--------+

Top non-repeatable levels by time:
     D:2: 534 daAuts
     D:1: 149 daAuts
     D:3: 74 daAuts
